Unix NetHack Version 5.0.0-0 post-release - last build May 31 2026 23:59:36 (970b52f25bf058293b47ddfd14a1e40e571c508c,branch:main).

Game began 2026-06-08 11:22:04, ended 2026-06-08 12:47:03.

AndiBanandi, lawful female human Valkyrie

                                                            ------
                                                       #####.....|
                                                            |....|
 -----------                                      ##########-....|
 |.........| --------                             #         |..^^|
 |.........| |......|                             #       ##.....|
 |.........|#........              ################         --.---
 |...}}}...|#|.....d|   ##                #   ##              ###
 |...}}}...|#|......|    ####    ##########    ###              ##
 |...}}}...|#|.....:@e###   # ---.-----        --.--             #
 |.r.......|#--------       ##-.......|        |....####         #
 |....>....|#                 |.......|        |...|#### ################
 |.........-#                 |......<-        |...|##### # -+-------.--.-
 -----------                  -------|-        -.---      ##-............|
                                     #############          |............|
                                                            |............|
                                                            |............|
                                                            |............|
                                                            --------------

AndiBanandi the Skirmisher  St:14 Dx:9 Co:18 In:10 Wi:10 Ch:8  Lawful
Dlvl:4  $:473 HP:0(43) Pw:7(7) AC:5  Xp:4 T:3030  Satiated Burdened

Latest messages:
 Your movements are slowed slightly because of your load.
 You climb up the stairs.
 You have a little trouble lifting K - a pair of iron shoes.
 h - 5 cursed food rations.
 There is nothing here to pick up.
 The gecko bites!
 The gecko bites!
 You miss the gecko.
 The gecko bites!
 The gecko bites!
 You hit the gecko.
 You miss the gecko.
 The gecko bites!
 You miss the gecko.
 The gecko misses!
 The gecko bites!
 You hit the gecko.
 The gecko bites!
 You hit the gecko.
 You hit the gecko.
 The gecko misses!
 You miss the gecko.
 The gecko bites!
 You miss the gecko.
 The gecko bites!
 The gecko bites!
 You miss the floating eye.
 You are frozen by the floating eye's gaze!
 The gecko bites!
 The gecko bites!
 The gecko bites!
 The gecko bites!
 The gecko bites!
 The gecko bites!
 The gecko bites!
 The gecko bites!
 The gecko bites!
 The gecko bites!
 The gecko bites!
 The gecko bites!
 The gecko bites!
 The gecko bites!
 The gecko bites!
 The gecko bites!
 You die...
 Do you want your possessions identified? [ynq] (y) y
 Do you want to see your attributes? [ynq] (y) y
 Do you want an account of creatures vanquished? [ynaq] (y) n
 Do you want to see your conduct and achievements? [ynq] (y) n
 Do you want to see the dungeon overview? [ynq] (y) n

Inventory:
 Coins    ('$')
  $ - 473 gold pieces
 Weapons  (')')
  y - a +0 orcish bow
  e - 17 +0 darts
  S - 16 cursed poisoned +2 darts
  b - a +0 dagger (alternate weapon; not wielded)
  o - a +0 orcish dagger
  a - a corroded +1 spear (weapon in right hand)
  z - a blessed +0 scimitar
 Armor    ('[')
  m - a cursed -1 orcish helm (being worn)
  X - an uncursed +1 pair of leather gloves
  W - a cursed -1 pair of leather gloves
  K - an uncursed +0 pair of iron shoes
  c - an uncursed +3 small shield (being worn)
  L - an uncursed +0 dwarvish cloak
  n - an uncursed +0 elven cloak (being worn)
  Y - an uncursed +0 elven cloak
  Z - a cursed +0 Hawaiian shirt with a flamingo motif
  q - an uncursed +0 chain mail
 Comestibles  ('%')
  r - a cursed slime mold
  s - a cursed cream pie
  d - 2 uncursed food rations
  h - 5 cursed food rations
  t - 2 cursed fortune cookies
  u - 2 uncursed lembas wafers
  D - an uncursed tripe ration
  w - an uncursed egg
  k - a cursed egg
 Scrolls  ('?')
  J - a cursed scroll of enchant armor
  P - a cursed scroll of enchant weapon
  B - an uncursed scroll of fire
  V - a cursed scroll of gold detection
  I - 3 uncursed scrolls of magic mapping
  G - a cursed scroll of magic mapping
  U - an uncursed scroll of remove curse
 Spellbooks  ('+')
  g - a cursed spellbook of cure blindness
  i - a cursed spellbook of cure sickness
  p - an uncursed spellbook of detect monsters
  v - a cursed spellbook of magic missile
 Potions  ('!')
  x - a blessed potion of blindness
  A - 2 cursed potions of extra healing
  F - a blessed potion of gain ability
  O - an uncursed potion of healing
  C - an uncursed potion of monster detection
  E - 2 uncursed potions of restore ability
  M - a cursed potion of sickness
 Rings    ('=')
  N - an uncursed ring of invisibility
 Wands    ('/')
  Q - a wand of cancellation (0:4)
 Tools    ('(')
  R - an uncursed blindfold
  T - a cursed blindfold
  j - an uncursed credit card
  l - a cursed expensive camera (0:74)
 Gems/Stones  ('*')
  f - 2 cursed worthless pieces of blue glass
  H - an uncursed flint stone

AndiBanandi the Valkyrie's attributes:

Background:
 You were a Skirmisher, a level 4 human Valkyrie.
 You were lawful, on a mission for Tyr
 who was opposed by Odin (neutral) and Loki (chaotic).
 You were right-handed.
 You were in the Dungeons of Doom, on level 4.
 You entered the dungeon 3030 turns ago.
 You had 153 experience points, 7 more were needed to attain level 5.

Basics:
 You had 0 out of 43 hit points.
 You had all 7 energy points (spell power).
 Your armor class was 5.
 Your wallet contained 473 zorkmids.
 Autopickup was off.

Final Characteristics:
 Your strength was 14 (peak:18, limit:18/100).
 Your dexterity was 9 (limit:18).
 Your constitution was 18 (limit:18).
 Your intelligence was 10 (limit:18).
 Your wisdom was 10 (limit:18).
 Your charisma was 8 (limit:18).

Final Status:
 You were satiated.
 You were burdened; movement was slightly slowed.
 You were wielding a spear.
 You had basic skill with spear.

Final Attributes:
 You were piously aligned.
 You were cold resistant.
 You were poison resistant.
 You were telepathic.
 You were stealthy.
 You were warded.
 You are dead.

Miscellaneous:
 You encountered 1 bones level.
 Total elapsed playing time was 1 hour, 11 minutes and 4 seconds.

Major events:
 Turn
    1: AndiBanandi the lawful human Valkyrie entered the dungeon
 1215: attained the rank of Skirmisher (level 3)
 3030: killed by a gecko, while frozen by a floating eye's gaze

Spells:
 Name                 Level Category     Fail Retention
 detect monsters        1   divination    84%  76%-100%

Skills:
 Fighting Skills
   bare handed combat [Unskilled]
   two weapon combat  [Unskilled]
   riding             [Unskilled]
 Weapon Skills
   dagger             [Basic]
   axe                [Unskilled]
   pick-axe           [Unskilled]
   short sword        [Unskilled]
   broadsword         [Unskilled]
   long sword         [Unskilled]
   two-handed sword   [Unskilled]
   saber              [Unskilled]
   hammer             [Unskilled]
   quarterstaff       [Unskilled]
   polearms           [Unskilled]
   spear              [Basic]
   trident            [Unskilled]
   lance              [Unskilled]
   sling              [Unskilled]
 Spellcasting Skills
   attack spells      [Unskilled]
   escape spells      [Unskilled]

Voluntary challenges:
 Character rerolling was not enabled.
 You never genocided any monsters.
 You never polymorphed an object.
 You never changed form.
 You used no wishes.
Achievement:
 You attained the rank of Skirmisher.

 The Dungeons of Doom: levels 1 to 5
    Level 1:
       A fountain.
    Level 2:
       A sink.
    Level 3:
       An altar to Tyr, some fountains, a grave.
    Level 4: <- You were here.
       Final resting place for
          you, killed by a gecko, while frozen by a floating eye's gaze.
    Level 5:
       Some fountains, a grave.
       Final resting place for
          atorox-Tou-Hum-Mal-Neu, killed by a bat, while sleeping.


Vanquished creatures:
  a rock piercer
  a straw golem
  a little dog
  2 floating eyes
  a dwarf
  a kobold leader
  a kobold shaman
  a giant bat
  3 iguanas
  2 acid blobs
  5 manes
  a large kobold
  a hobgoblin
  a giant rat
  a yellow mold
  2 gnome zombies
  2 geckos
  3 jackals
  2 foxes
  a kobold
  2 goblins
  a sewer rat
  4 grid bugs
  2 bats
  2 lichens
  a kobold zombie
  5 newts
50 creatures vanquished.

No species were genocided or became extinct.

Game over:
                       ----------
                      /          \
                     /    REST    \
                    /      IN      \
                   /     PEACE      \
                  /                  \
                  |   AndiBanandi    |
                  |      473 Au      |
                  |   killed by a    |
                  |      gecko       |
                  |                  |
                  |                  |
                  |       2026       |
                 *|     *  *  *      | *
        _________)/\\_//(\/(/\)/\//\/|_)_______

Farvel AndiBanandi the Valkyrie...

You died in The Dungeons of Doom on dungeon level 4 with 1248 points,
and 473 pieces of gold, after 3030 moves.
You were level 4 with a maximum of 43 hit points when you died.

